 Dungeon Crawl Stone Soup version 0.20.1-1-g8b1a95d (webtiles) character file.

123 Monsterracer the Insei (level 5, -4/33 HPs)
             Began as an Octopode Transmuter on Oct 29, 2017.
             Killed by nerve-wracking pain
             ... invoked by an orc priest
              (5 damage)
             ... on level 3 of the Dungeon.
             The game lasted 00:04:31 (1992 turns).

Monsterracer the Insei (Octopode Transmuter)        Turns: 1992, Time: 00:04:31

Health: -4/33      AC:  2    Str: 10    XL:     5   Next: 7%
Magic:  6/8        EV: 19    Int: 16    God:
Gold:   164        SH:  0    Dex: 17    Spells: 2/8 levels left

rFire    . . .     SeeInvis .     - Unarmed
rCold    . . .     Gourm    .   (shield currently unavailable)
rNeg     . . .     Faith    .   (helmet currently unavailable)
rPois    x         Spirit   .   i - amulet of magic regeneration
rElec    .         Reflect  .   (no ring)
rCorr    .         Harm     .   (no ring)
MR       .....                  (no ring)
Stlth    ++........             (no ring)
Regen    0.2/turn               (no ring)
MPRegen  0.2/turn               (no ring)
                                (no ring)
                                (no ring)

@: spider-form (expiring)
A: almost no armour, stealthy swim, (amphibious), 8 rings, (constrict 8)
a: End Transformation


You were on level 3 of the Dungeon.
You were not hungry.
You were a venomous arachnid creature.
You visited 1 branch of the dungeon, and saw 3 of its levels.

You collected 164 gold pieces.

Inventory:

Missiles
 a - 12 arrows
Jewellery
 i - an amulet of magic regeneration (around neck)
Wands
 m - a wand of flame (28/48)
Scrolls
 d - 2 scrolls of magic mapping {unknown}
 e - 2 scrolls of fog {unknown}
 f - 2 scrolls of identify {unknown}
 l - a scroll of immolation {unknown}
 n - a scroll of amnesia {unknown}
 o - a scroll of noise {unknown}
Potions
 g - a potion of brilliance {unknown}
 j - a potion of agility {unknown}
 k - 2 potions of heal wounds {unknown}
Books
 b - a book of Changes

   Spells                             Type                      Level
   a - Beastly Appendage              Transmutation                1
   b - Sticks to Snakes               Transmutation                2
   c - Spider Form                    Transmutation/Poison         3
   d - Ice Form                       Ice/Transmutation            4
   e - Blade Hands                    Transmutation                5
Comestibles
 c - 2 bread rations
 h - a royal jelly
 p - 3 fruits
 q - 4 chunks of flesh


   Skills:
 - Level 1.0 Fighting
 - Level 2.0 Dodging
 + Level 4.4 Unarmed Combat
 - Level 2.0 Spellcasting
 + Level 3.8 Transmutations


You had 2 spell levels left.
You knew the following spells:

 Your Spells              Type           Power        Failure   Level  Hunger
a - Beastly Appendage     Tmut           ##....       13%         1    #......
b - Sticks to Snakes      Tmut           ##......     17%         2    ###....
c - Spider Form           Tmut/Pois      #.........   50%         3    ###....


Dungeon Overview and Level Annotations

Branches:
Dungeon (3/15)

Altars:


Innate Abilities, Weirdness & Mutations

You cannot wear most types of armour.
You are very stealthy in the water. (Stealth+)
((You are amphibious.))
You can wear up to eight rings at the same time.
((You can use your tentacles to constrict eight enemies at once.))
((Your skin changes colour to match your surroundings (Stealth+).))
((Your rubbery body absorbs attacks. (AC +1, EV +1)))


Message History

No target in view!
Things that are here:
an enchanted dagger; a goblin corpse Unknown command.
There's nothing to close nearby.
A hobgoblin comes into view.
A hobgoblin is nearby!
You barely miss the hobgoblin. Your grab misses the hobgoblin.
The hobgoblin closely misses you.
You tentacle-slap the hobgoblin. Your grab misses the hobgoblin.
The hobgoblin is heavily wounded.
The hobgoblin hits you.
You barely miss the hobgoblin. You grab the hobgoblin.
The hobgoblin is heavily wounded.
You constrict the hobgoblin. The hobgoblin hits you.
A hobgoblin is nearby!
You are too injured to fight recklessly!
You are too injured to fight recklessly!
You tentacle-slap the hobgoblin.
You kill the hobgoblin!
You now have 164 gold pieces (gained 26).
You see here a hobgoblin corpse.
You butcher the hobgoblin corpse.
q - 8 chunks of flesh (gained 4)
You start resting.
A goblin comes into view.
A goblin is nearby!
A goblin is nearby!
Things that are here:
an enchanted dagger; a goblin corpse You tentacle-slap the goblin.
You kill the goblin!
No target in view!
No target in view!
A quokka comes into view.
A quokka is nearby!
The quokka bites you.
Things that are here:
an enchanted dagger; a goblin corpse You are too injured to fight recklessly!
You are too injured to fight recklessly!
You are too injured to fight recklessly!
You are too injured to fight recklessly!
You barely miss the quokka. Your grab misses the quokka. The quokka bites you.
You tentacle-slap the quokka. Your grab misses the quokka.
The quokka is heavily wounded.
The quokka closely misses you.
You barely miss the quokka. Your grab misses the quokka.
Your squeeze misses the quokka.
The quokka is heavily wounded.
The quokka bites you.
You tentacle-slap the quokka but do no damage.
You grab the quokka. You squeeze the quokka.
The quokka is severely wounded.
You constrict the quokka. The quokka bites you.
* * * LOW HITPOINT WARNING * * *
The quokka barely misses you.
Unknown command.
You bludgeon the quokka!
You kill the quokka!
You see here a quokka corpse.
Eating one of 8 chunks of flesh.
You eat one of the 8 chunks of flesh.
This raw flesh tastes terrible.
Some of the chunks of flesh in your inventory have rotted away.
HP restored.
Found a stone staircase leading up.
An orc comes into view.
An orc is nearby!
An orc priest comes into view. It is wielding a club.
An orc comes into view. It is wielding a club.
The orc shouts! x2
Casting: Spider Form
Confirm with . or Enter, or press ? or * to list all spells.
You turn into a venomous arachnid creature.
You hit the orc.
The orc is poisoned.
The orc is severely wounded.
The orc misses you.
You hit the orc.
You kill the orc!
The orc priest calls down the wrath of Beogh upon you.
Beogh smites you!
The orc priest invokes the aid of Beogh against you.
Beogh smites you!
Ouch! That really hurt!
* * * LOW HITPOINT WARNING * * *
You hit the orc but do no damage.
The orc is poisoned.
The orc closely misses you.
You hit the orc but do no damage.
The orc looks even sicker.
The orc barely misses you.
You hit the orc but do no damage.
The orc looks as sick as possible!
You hit the orc but do no damage.
The orc looks as sick as possible!
The orc is severely wounded.
Your transformation is almost over.
You hit the orc priest.
The orc priest is poisoned.
The orc priest is lightly wounded.
The orc hits you with a club.
* * * LOW HITPOINT WARNING * * *
The orc priest calls down the wrath of Beogh upon you.
Pain shoots through your body!
You die...

#.†.........###.
#.#)###......#. #.#.#
#.####..# ##.#†# #.#
#..## ...#.# #.# #...
####.###.####.####
.................#
..##.##.......##.#######
#.##.#######....so......
#.##.# ##.##o#######
#.##.. ...##.# #.####
######.# ### ..# ###


You could see an orc priest and an orc.

Vanquished Creatures
  An orc priest (D:3)
  4 adders
  2 worms (D:3)
  2 dart slugs
  2 leopard geckos (D:1)
  3 orcs (D:3)
  A ball python (D:2)
  3 giant cockroaches (D:1)
  8 goblins
  5 hobgoblins
  A kobold (D:1)
  A quokka (D:3)
  5 bats
  4 rats
42 creatures vanquished.

Notes
Turn   | Place    | Note
-------+----------+-------------------------------------------
     0 | D:1      | Monsterracer the Octopode Transmuter began the quest for the Orb.
     0 | D:1      | Reached XP level 1. HP: 13/13 MP: 3/3
   126 | D:1      | HP: 5/13 [hobgoblin/club (8)]
   130 | D:1      | Reached XP level 2. HP: 7/18 MP: 3/5
   136 | D:1      | Learned a level 2 spell: Sticks to Snakes
   670 | D:1      | Reached XP level 3. HP: 22/23 MP: 6/6
   677 | D:1      | Learned a level 3 spell: Spider Form
  1481 | D:3      | Reached skill level 4 in Unarmed Combat
  1481 | D:3      | Reached XP level 4. HP: 27/28 MP: 7/7
  1768 | D:3      | Reached XP level 5. HP: 31/33 MP: 8/8
  1805 | D:3      | HP: 16/33 [quokka (5)]
  1987 | D:3      | HP: 2/33 [orc priest/divine providence (17)]
  1992 | D:3      | HP: 1/33 [orc/club (1)]
  1992 | D:3      | Killed from afar by an orc priest

Skill      XL: |  1  2  3 |
---------------+----------+-----
Transmutations | 3 |  3.8
Unarmed Combat | 4 |  4.4
Fighting       | |  1.0
Dodging        | |  2.0
Spellcasting   | |  2.0

Action                   |  1- 3 |  4- 6 || total
-------------------------+-------+-------++-------
Melee: Unarmed           |    63 |    46 ||   109
       Kick              |     7 |     4 ||    11
       Constrict         |    19 |     7 ||    26
       Tentacles         |     8 |     5 ||    13
       Punch             |     1 |       ||     1
 Cast: Beastly Appendage |     9 |     1 ||    10
       Spider Form       |       |     3 ||     3
 Stab: Sleeping          |     9 |       ||     9
  Eat: Chunk             |     2 |     2 ||     4
Armor: Skin              |     7 |     1 ||     8
Dodge: Dodged            |    34 |    26 ||    60

Vault maps used:
D:1:      minmay_arrival_shoal_huts, minivault_23, minmay_splitting_lines,
          interstate_on_off
D:3:      nicolae_overflow_crystal_walls, minitemple, roderic_lattice_a
